Harfangs vs Diables
(R1)
Created - 31 janvier 2016 at 19:10
Goals
|
| Harfangs |
0 |
1 |
2 |
3 |
| Diables |
1 |
1 |
3 |
5 |
|
Shots
|
| Harfangs |
15 |
9 |
10 |
34 |
| Diables |
8 |
17 |
13 |
38 |
|
1st period
1. Diables , Tyler Bozak 23 (Damien Brunner, Lukas Krajicek) at 16:40
Penalties :
Peter Olvecky (BEA) for Interference (Minor) at 5:45, Brock Nelson (BEA) for Goalie Interference (Minor) at 7:53, Matt Jones (Alm) for Interference (Minor) at 12:54
2nd period
2. Harfangs , Dustin Jeffrey 15 (Stefan Ruzicka, Brock Nelson) at 1:32
3. Diables , Tyler Bozak 24 (Damien Brunner, Brandon Prust) at 1:44
Penalties :
Craig Smith (Alm) for Close Hand On Puck (Minor) at 4:01
3rd period
4. Diables , Kellan Lain 19 (Damien Brunner, Tyler Bozak) at 2:31 (PP)
5. Diables , Jamie Arniel 8 (Brian Dumoulin, Tyson Barrie) at 8:59
6. Harfangs , Brock Nelson 15 (Peter Olvecky, Stefan Ruzicka) at 9:35 (PP)
7. Harfangs , Brock Nelson 16 (Stefan Ruzicka, Peter Olvecky) at 18:20 (PP)
8. Diables , Damien Brunner 29 (Jamie Arniel, Brandon Prust) at 19:55 (Empty Net)
Penalties :
Alexandre Picard (BEA) for Hooking (Minor) at 1:09, Victor Bartley (BEA) for Holding (Minor) at 2:17, Craig Smith (Alm) for Hooking (Minor) at 5:44, Tyson Barrie (Alm) for Hooking (Minor) at 9:24, Dustin Kohn (Alm) for Hooking (Minor) at 13:31, Taylor Beck (Alm) for Hooking (Minor) at 17:10
Goalie Stats
Jeremy Duchesne (BEA), 33 saves from 37 shots - (0,892), L, 8-8-3, 59:09 minutes
Frederik Andersen (Alm), 31 saves from 34 shots - (0,912), W, 19-14-2, 60:00 minutes
Players Stats for Harfangs
Player Name G A P +/- PIM S H SB GA TA FO MP PP MP PK MP
------------------------------------------------------------------------------------
Alex Killorn 0 0 0 0 0 5 0 0 0 1 8/19 17:53 4:21 3:26
Alexandre Picard 0 0 0 -1 2 1 2 3 0 0 0/0 27:33 4:50 3:07
Andrew Orpik 0 0 0 -2 0 3 3 0 0 1 0/0 28:51 4:27 4:08
Brandon Pirri 0 0 0 -1 0 2 0 1 0 0 7/17 11:41 0:18 0:18
Brian Lashoff 0 0 0 -1 0 2 1 0 0 0 0/0 18:55 4:27 3:19
Brock Nelson 2 1 3 0 2 2 1 0 0 1 6/12 15:07 4:38 0:00
Cam Fowler 0 0 0 -1 0 1 1 2 0 1 0/0 13:54 0:00 1:06
Chris Kreider 0 0 0 -1 0 5 4 0 1 0 0/0 17:45 4:21 1:00
Dustin Jeffrey 1 0 1 0 0 1 1 1 0 0 0/0 10:24 0:00 0:00
Mats Zuccarello 0 0 0 -1 0 3 0 0 0 3 0/0 19:37 4:28 3:14
Michal Repik 0 0 0 -1 0 1 0 0 0 0 0/0 10:07 0:00 0:00
Mike Hoffman 0 0 0 -1 0 0 1 0 0 0 0/1 11:27 0:05 0:00
Peter Olvecky 0 2 2 -1 2 3 2 4 1 1 0/2 16:54 4:38 2:28
Petri Kontiola 0 0 0 -2 0 1 2 1 0 0 6/10 15:09 0:00 3:21
Reid McNeill 0 0 0 -1 0 0 0 1 0 0 0/0 13:04 0:00 0:16
Stefan Ruzicka 0 3 3 0 0 2 1 0 2 1 0/1 14:58 4:44 0:00
Tomas Tatar 0 0 0 -1 0 2 0 0 0 0 0/1 11:33 0:18 0:09
Victor Bartley 0 0 0 0 2 0 4 0 0 1 0/0 17:45 4:50 2:13
Players Stats for Diables
Player Name G A P +/- PIM S H SB GA TA FO MP PP MP PK MP
------------------------------------------------------------------------------------
Brandon Prust 0 2 2 2 0 3 1 1 2 0 0/2 20:16 2:53 1:02
Brian Dumoulin 0 1 1 1 0 3 2 0 0 1 0/0 13:14 0:00 1:41
Craig Smith 0 0 0 0 4 4 0 0 1 0 6/8 10:56 0:00 0:09
Damien Brunner 1 3 4 2 0 3 2 0 0 1 2/2 19:28 3:23 0:00
Dustin Kohn 0 0 0 0 2 0 1 2 0 0 0/0 22:27 3:07 2:46
J.T. Brown 0 0 0 1 0 0 1 0 0 0 0/1 8:07 0:32 0:00
Jamie Arniel 1 1 2 2 0 5 4 0 0 0 2/6 11:05 0:00 2:45
Kellan Lain 1 0 1 0 0 3 0 0 3 0 1/1 19:17 3:32 5:20
Lukas Krajicek 0 1 1 2 0 1 3 1 0 1 0/0 24:57 3:58 5:26
Matt Jones 0 0 0 2 2 2 3 1 1 0 0/0 24:33 3:07 4:21
Pavel Valentenko 0 0 0 1 0 1 1 2 0 0 0/0 13:20 0:00 4:02
Pierre-Cédric Labrie 0 0 0 0 0 1 2 0 0 0 0/0 11:53 0:00 2:45
Riley Sheahan 0 0 0 0 0 1 2 1 1 0 7/11 17:49 3:10 5:15
Steve Quailer 0 0 0 0 0 1 2 0 0 0 0/0 13:45 3:10 0:00
Taylor Beck 0 0 0 1 2 0 1 0 0 0 0/0 8:06 0:23 0:00
Tomas Kubalik 0 0 0 0 0 2 0 0 0 0 0/0 9:57 0:49 0:00
Tyler Bozak 2 1 3 1 0 6 4 1 1 0 18/32 20:01 3:23 1:27
Tyson Barrie 0 1 1 0 2 2 1 1 1 1 0/0 21:26 3:58 0:09
3 Stars
1 - Tyler Bozak (Alm)
2 - Damien Brunner (Alm)
3 - Jamie Arniel (Alm)
Power Play
Harfangs - 2 on 6 Attempt(s) - 33,33%
Diables - 1 on 4 Attempt(s) - 25,00%
Penalty Kill
Harfangs - 3 on 4 Attempt(s) - 75,00%
- Score 0 goal in Penalty Kill
Diables - 4 on 6 Attempt(s) - 66,67%
- Score 0 goal in Penalty Kill
Team Stat
Harfangs - Hits : 23 - Faceoff Wins : 27 - Blocked Shots : 13 - Penalty Minutes : 8
Diables - Hits : 30 - Faceoff Wins : 36 - Blocked Shots : 10 - Penalty Minutes : 12
Official
Referees : L'Ecuyer Frederick and Walkom Stephen
Linesman : Ryan Galloway and Scott Driscoll
Game Notes
9:35 of 3rd period - Harfangs goal is going for a video replay. After video review, Goal.
Damien Brunner has scored in a empty net!
Finance
Level 1 -- Attendance: 1448 (72,40%) -- Ticket Income 50 680 $
Level 2 -- Attendance: 770 (77,00%) -- Ticket Income 11 550 $
Total Attendance: 2218 (73,93%)
Total Ticket Income: 62 230 $
Other Income: 3 112 $
Total Income: 65 342 $
Harfangs
5 vs 5 Forward
Center Left Wing Right Wing Time % Phy DF OF
1 Alex Killorn Chris Kreider Mats Zuccarello 25 1 2 2
2 Brock Nelson Dustin Jeffrey Stefan Ruzicka 25 1 2 2
3 Petri Kontiola Tomas Tatar Mike Hoffman 25 1 2 2
4 Brandon Pirri Peter Olvecky Michal Repik 25 1 2 2
5 vs 5 Defense
Defense Defense Time % Phy DF OF
1 Alexandre Picard Victor Bartley 25 1 2 2
2 Brian Lashoff Andrew Orpik 25 1 2 2
3 Cam Fowler Reid McNeill 25 0 3 2
4 Alexandre Picard Andrew Orpik 25 1 2 2
PowerPlay Forward
Center Left Wing Right Wing Time % Phy DF OF
1 Alex Killorn Chris Kreider Mats Zuccarello 50 1 2 2
2 Brock Nelson Peter Olvecky Stefan Ruzicka 50 1 2 2
PowerPlay Defense
Defense Defense Time % Phy DF OF
1 Alexandre Picard Victor Bartley 50 1 2 2
2 Andrew Orpik Brian Lashoff 50 1 2 2
Penalty Kill 4 Players Forward
Center Wing Time % Phy DF OF
1 Petri Kontiola Peter Olvecky 50 1 2 2
2 Alex Killorn Mats Zuccarello 50 1 2 2
Penalty Kill 4 Players Defense
Defense Defense Time % Phy DF OF
1 Alexandre Picard Victor Bartley 50 1 2 2
2 Brian Lashoff Andrew Orpik 50 1 2 2
Penalty Kill - 3 Players Forward
Forward Time % Phy DF OF
1 Petri Kontiola 50 1 2 2
2 Alex Killorn 50 1 2 2
Penalty Kill - 3 Players Defense
Defense Defense Time % Phy DF OF
1 Alexandre Picard Victor Bartley 50 1 2 2
2 Brian Lashoff Andrew Orpik 50 1 2 2
4 vs 4 Forward
Center Wing Time % Phy DF OF
1 Alex Killorn Chris Kreider 50 1 2 2
2 Brock Nelson Stefan Ruzicka 50 1 2 2
4 vs 4 Defense
Defense Defense Time % Phy DF OF
1 Alexandre Picard Victor Bartley 50 1 2 2
2 Andrew Orpik Brian Lashoff 50 1 2 2
Last Minutes Offensive
Center Left Wing Right Wing Defense Defense
Petri Kontiola Chris Kreider Mats Zuccarello Alexandre Picard Andrew Orpik
Last Minutes Defensive
Center Left Wing Right Wing Defense Defense
Petri Kontiola Chris Kreider Mats Zuccarello Brian Lashoff Andrew Orpik
Goaltenders
Starting : Jeremy Duchesne
Backup : Darcy Kuemper
Extra Forwards
Normal : Stefan Ruzicka, Chris Kreider, Mats Zuccarello - PP : Stefan Ruzicka, Chris Kreider - PK : Mats Zuccarello
Extra Defensemen
Normal : Alexandre Picard, Andrew Orpik, Victor Bartley - PP : Andrew Orpik - PK : Alexandre Picard, Victor Bartley
Penalty Shots
Mats Zuccarello, Tomas Tatar, Petri Kontiola, Dustin Jeffrey, Peter Olvecky
Diables
5 vs 5 Forward
Center Left Wing Right Wing Time % Phy DF OF
1 Tyler Bozak Brandon Prust Damien Brunner 40 1 2 2
2 Craig Smith Kellan Lain Steve Quailer 30 1 2 2
3 Riley Sheahan Pierre-Cédric Labrie Tomas Kubalik 20 1 2 2
4 Jamie Arniel Taylor Beck J.T. Brown 10 1 2 2
5 vs 5 Defense
Defense Defense Time % Phy DF OF
1 Dustin Kohn Tyson Barrie 40 1 2 2
2 Lukas Krajicek Matt Jones 30 1 2 2
3 Pavel Valentenko Brian Dumoulin 20 1 2 2
4 Brian Dumoulin Matt Jones 10 1 2 2
PowerPlay Forward
Center Left Wing Right Wing Time % Phy DF OF
1 Tyler Bozak Kellan Lain Damien Brunner 60 1 2 2
2 Riley Sheahan Brandon Prust Steve Quailer 40 1 2 2
PowerPlay Defense
Defense Defense Time % Phy DF OF
1 Lukas Krajicek Tyson Barrie 60 1 2 2
2 Matt Jones Dustin Kohn 40 1 2 2
Penalty Kill 4 Players Forward
Center Wing Time % Phy DF OF
1 Riley Sheahan Kellan Lain 60 1 2 2
2 Jamie Arniel Pierre-Cédric Labrie 40 1 2 2
Penalty Kill 4 Players Defense
Defense Defense Time % Phy DF OF
1 Lukas Krajicek Matt Jones 60 1 2 2
2 Pavel Valentenko Dustin Kohn 40 1 2 2
Penalty Kill - 3 Players Forward
Forward Time % Phy DF OF
1 Riley Sheahan 60 1 2 2
2 Jamie Arniel 40 1 2 2
Penalty Kill - 3 Players Defense
Defense Defense Time % Phy DF OF
1 Lukas Krajicek Matt Jones 60 1 2 2
2 Pavel Valentenko Dustin Kohn 40 1 2 2
4 vs 4 Forward
Center Wing Time % Phy DF OF
1 Craig Smith Damien Brunner 60 1 2 2
2 Jamie Arniel Pierre-Cédric Labrie 40 1 2 2
4 vs 4 Defense
Defense Defense Time % Phy DF OF
1 Lukas Krajicek Matt Jones 60 1 2 2
2 Pavel Valentenko Dustin Kohn 40 1 2 2
Last Minutes Offensive
Center Left Wing Right Wing Defense Defense
Tyler Bozak Brandon Prust Damien Brunner Lukas Krajicek Dustin Kohn
Last Minutes Defensive
Center Left Wing Right Wing Defense Defense
Jamie Arniel Brandon Prust Damien Brunner Lukas Krajicek Matt Jones
Goaltenders
Starting : Frederik Andersen
Backup : Marek Mazanek
Extra Forwards
Normal : Riley Sheahan, Steve Quailer, Craig Smith - PP : Tomas Kubalik, Riley Sheahan - PK : Tyler Bozak
Extra Defensemen
Normal : Tyson Barrie, Pavel Valentenko, Brian Dumoulin - PP : Tyson Barrie - PK : Pavel Valentenko, Brian Dumoulin
Penalty Shots
Brandon Prust, Riley Sheahan, Damien Brunner, Tyler Bozak, Jamie Arniel
% Time on Ice - Harfangs
Lines # - Real PCT - Wanted PCT - Time Play
Normal Forward
1 - 24% - 25% - 10:09
2 - 27% - 25% - 11:17
3 - 26% - 25% - 10:54
4 - 24% - 25% - 10:07
Normal Defense
1 - 25% - 25% - 10:42
2 - 25% - 25% - 10:27
3 - 30% - 25% - 12:44
4 - 20% - 25% - 8:34
PP Forward
1 - 48% - 50% - 4:28
2 - 52% - 50% - 4:49
PP Defense
1 - 52% - 50% - 4:50
2 - 48% - 50% - 4:27
PK Forward
1 - 53% - 50% - 3:38
2 - 47% - 50% - 3:13
PK Defense
1 - 52% - 50% - 3:32
2 - 48% - 50% - 3:19
PK3 Forward
1 - 0% - 50% - 0:00
2 - 100% - 50% - 0:14
PK3 Defense
1 - 100% - 50% - 0:14
2 - 0% - 50% - 0:00
44 Forward
1 - 0% - 50%
2 - 0% - 50%
44 Defense
1 - 0% - 50%
2 - 0% - 50%
Last Minute Offensive - 1:11
Last Minute Defensive - 0:00
Total
Forward - 60:00
Defense - 60:00
|
% Time on Ice - Diables
Lines # - Real PCT - Wanted PCT - Time Play
Normal Forward
1 - 36% - 40% - 15:26
2 - 26% - 30% - 11:02
3 - 21% - 20% - 8:59
4 - 17% - 10% - 7:17
Normal Defense
1 - 43% - 40% - 18:18
2 - 30% - 30% - 12:53
3 - 21% - 20% - 9:11
4 - 6% - 10% - 2:22
PP Forward
1 - 54% - 60% - 3:51
2 - 46% - 40% - 3:14
PP Defense
1 - 56% - 60% - 3:58
2 - 44% - 40% - 3:07
PK Forward
1 - 70% - 60% - 6:32
2 - 30% - 40% - 2:45
PK Defense
1 - 68% - 60% - 6:20
2 - 32% - 40% - 2:57
PK3 Forward
1 - 0% - 60%
2 - 0% - 40%
PK3 Defense
1 - 0% - 60%
2 - 0% - 40%
44 Forward
1 - 0% - 60%
2 - 0% - 40%
44 Defense
1 - 0% - 60%
2 - 0% - 40%
Last Minute Offensive - 0:00
Last Minute Defensive - 0:54
Total
Forward - 60:00
Defense - 60:00
|
Play by Play
1st period
0:01 of 1st period - Damien Brunner wins face-off versus Alex Killorn in neutral zone.
0:12 of 1st period - Slapshot by Brandon Prust.
0:12 of 1st period - Shot Misses the Net.
0:26 of 1st period - Craig Smith is hit by Victor Bartley and loses puck.
2:11 of 1st period - Peter Olvecky is hit by Steve Quailer and loses puck.
2:40 of 1st period - Alexandre Picard is hit by Jamie Arniel and loses puck.
2:57 of 1st period - Alexandre Picard is hit by Damien Brunner and loses puck.
3:12 of 1st period - Slapshot by Stefan Ruzicka.
3:12 of 1st period - Stopped by Frederik Andersen without a rebound.
3:13 of 1st period - Craig Smith wins face-off versus Brock Nelson in Diables zone.
3:24 of 1st period - Wrist shot by Kellan Lain.
3:24 of 1st period - Deflect By Steve Quailer.
3:24 of 1st period - Stopped by Jeremy Duchesne with a rebound.
3:26 of 1st period - Snap shot by Craig Smith.
3:26 of 1st period - Stopped by Jeremy Duchesne without a rebound.
3:27 of 1st period - Brandon Pirri wins face-off versus Tyler Bozak in Harfangs zone.
3:32 of 1st period - Snap shot by Michal Repik.
3:32 of 1st period - Shot Misses the Net.
3:34 of 1st period - Slapshot by Cam Fowler.
3:34 of 1st period - Shot Misses the Net.
3:54 of 1st period - Brian Dumoulin is hit by Petri Kontiola.
4:07 of 1st period - Cam Fowler is hit by Tyson Barrie.
4:22 of 1st period - Snap shot by Petri Kontiola.
4:22 of 1st period - Deflect By Dustin Kohn.
4:22 of 1st period - Stopped by Frederik Andersen with a rebound.
4:59 of 1st period - Damien Brunner is hit by Cam Fowler.
5:17 of 1st period - Slapshot by Damien Brunner.
5:17 of 1st period - Shot Misses the Net.
5:31 of 1st period - Snap shot by Craig Smith.
5:31 of 1st period - Shot Misses the Net.
5:33 of 1st period - Snap shot by Matt Jones.
5:33 of 1st period - Stopped by Jeremy Duchesne with a rebound.
5:35 of 1st period - Snap shot by Kellan Lain.
5:35 of 1st period - Shot Misses the Net.
5:37 of 1st period - Slapshot by Matt Jones.
5:37 of 1st period - Shot Blocked by Peter Olvecky.
5:39 of 1st period - Wrist shot by Kellan Lain.
5:39 of 1st period - Shot Misses the Net.
5:45 of 1st period - Minor Penalty to Peter Olvecky for Interference.
5:46 of 1st period - Petri Kontiola wins face-off versus Riley Sheahan in Harfangs zone.
5:46 of 1st period - Petri Kontiola is hit by Brandon Prust.
5:52 of 1st period - Wrist shot by Mats Zuccarello.
5:52 of 1st period - Stopped by Frederik Andersen with a rebound.
6:42 of 1st period - Mats Zuccarello is hit by Matt Jones and loses puck.
7:27 of 1st period - Damien Brunner is hit by Chris Kreider and loses puck.
7:45 of 1st period - Penalty to Peter Olvecky is over, Peter Olvecky is back on ice.
7:53 of 1st period - Minor Penalty to Brock Nelson for Goalie Interference.
7:54 of 1st period - Alex Killorn wins face-off versus Riley Sheahan in Harfangs zone.
7:54 of 1st period - Alex Killorn is hit by Riley Sheahan.
8:42 of 1st period - Mats Zuccarello is hit by Lukas Krajicek and loses puck.
9:46 of 1st period - Mats Zuccarello is hit by Dustin Kohn and loses puck.
9:53 of 1st period - Penalty to Brock Nelson is over, Brock Nelson is back on ice.
10:03 of 1st period - Andrew Orpik is hit by Jamie Arniel.
10:13 of 1st period - Snap shot by Brock Nelson.
10:13 of 1st period - Deflect By Dustin Jeffrey.
10:13 of 1st period - Shot Misses the Net.
10:13 of 1st period - Puck is out of play.
10:14 of 1st period - Craig Smith wins face-off versus Brock Nelson in Diables zone.
10:41 of 1st period - Petri Kontiola is hit by Pavel Valentenko.
11:04 of 1st period - Wrist shot by Jamie Arniel.
11:04 of 1st period - Shot Misses the Net.
11:16 of 1st period - Chris Kreider is hit by Lukas Krajicek and loses puck.
11:35 of 1st period - Slapshot by Tomas Kubalik.
11:35 of 1st period - Shot Misses the Net.
11:41 of 1st period - Snap shot by Pierre-Cédric Labrie.
11:41 of 1st period - Stopped by Jeremy Duchesne without a rebound.
11:42 of 1st period - Alex Killorn wins face-off versus Tyler Bozak in Harfangs zone.
11:47 of 1st period - Wrist shot by Chris Kreider.
11:47 of 1st period - Stopped by Frederik Andersen with a rebound.
11:49 of 1st period - Wrist shot by Mats Zuccarello.
11:49 of 1st period - Shot Misses the Net.
11:51 of 1st period - Snap shot by Brian Lashoff.
11:51 of 1st period - Stopped by Frederik Andersen without a rebound.
11:52 of 1st period - Alex Killorn wins face-off versus Tyler Bozak in Diables zone.
11:57 of 1st period - Snap shot by Chris Kreider.
11:57 of 1st period - Shot Blocked by Dustin Kohn.
11:59 of 1st period - Snap shot by Alex Killorn.
11:59 of 1st period - Stopped by Frederik Andersen with a rebound.
12:01 of 1st period - Backhand shot by Chris Kreider.
12:01 of 1st period - Stopped by Frederik Andersen with a rebound.
12:13 of 1st period - Wrist shot by Chris Kreider.
12:13 of 1st period - Stopped by Frederik Andersen with a rebound.
12:15 of 1st period - Slapshot by Andrew Orpik.
12:15 of 1st period - Shot Misses the Net.
12:17 of 1st period - Snap shot by Alex Killorn.
12:17 of 1st period - Shot Misses the Net.
12:19 of 1st period - Slapshot by Andrew Orpik.
12:19 of 1st period - Deflect By Damien Brunner.
12:19 of 1st period - Stopped by Frederik Andersen with a rebound.
12:21 of 1st period - Wrist shot by Mats Zuccarello.
12:21 of 1st period - Stopped by Frederik Andersen with a rebound.
12:23 of 1st period - Slapshot by Chris Kreider.
12:23 of 1st period - Shot Blocked by Dustin Kohn.
12:25 of 1st period - Snap shot by Alex Killorn.
12:25 of 1st period - Stopped by Frederik Andersen with a rebound.
12:29 of 1st period - Wrist shot by Chris Kreider.
12:29 of 1st period - Stopped by Frederik Andersen with a rebound.
12:31 of 1st period - Wrist shot by Mats Zuccarello.
12:31 of 1st period - Shot Blocked by Brandon Prust.
12:49 of 1st period - Snap shot by Alex Killorn.
12:49 of 1st period - Stopped by Frederik Andersen without a rebound.
12:50 of 1st period - Brandon Pirri wins face-off versus Craig Smith in Diables zone.
12:54 of 1st period - Minor Penalty to Matt Jones for Interference.
12:55 of 1st period - Riley Sheahan wins face-off versus Brock Nelson in Diables zone.
14:36 of 1st period - Dustin Kohn is hit by Victor Bartley and loses puck.
14:54 of 1st period - Penalty to Matt Jones is over, Matt Jones is back on ice.
15:08 of 1st period - Reid McNeill is hit by Lukas Krajicek and loses puck.
15:56 of 1st period - Wrist shot by Jamie Arniel.
15:56 of 1st period - Shot Misses the Net.
15:58 of 1st period - Snap shot by J.T. Brown.
15:58 of 1st period - Shot Misses the Net.
16:00 of 1st period - Backhand shot by Brian Dumoulin.
16:00 of 1st period - Stopped by Jeremy Duchesne without a rebound.
16:01 of 1st period - Brandon Pirri wins face-off versus Jamie Arniel in Harfangs zone.
16:01 of 1st period - Brandon Pirri is hit by J.T. Brown.
16:23 of 1st period - Victor Bartley is hit by Jamie Arniel and loses puck.
16:40 of 1st period - Snap shot by Tyler Bozak.
16:40 of 1st period - Goal by Tyler Bozak - Harfangs : 0 - Diables : 1.
16:41 of 1st period - Brandon Pirri wins face-off versus Tyler Bozak in neutral zone.
16:48 of 1st period - Snap shot by Peter Olvecky.
16:48 of 1st period - Deflect By Brandon Pirri.
16:48 of 1st period - Shot Misses the Net.
16:48 of 1st period - Puck is out of play.
16:49 of 1st period - Tyler Bozak wins face-off versus Brandon Pirri in Diables zone.
16:54 of 1st period - Slapshot by Tyson Barrie.
16:54 of 1st period - Stopped by Jeremy Duchesne without a rebound.
16:55 of 1st period - Alex Killorn wins face-off versus Craig Smith in Harfangs zone.
17:11 of 1st period - Slapshot by Alexandre Picard.
17:11 of 1st period - Stopped by Frederik Andersen with a rebound.
17:21 of 1st period - Damien Brunner is hit by Peter Olvecky and loses puck.
18:28 of 1st period - Cam Fowler is hit by Steve Quailer and loses puck.
18:48 of 1st period - Snap shot by Peter Olvecky.
18:48 of 1st period - Deflect By Brandon Pirri.
18:48 of 1st period - Stopped by Frederik Andersen with a rebound.
19:55 of 1st period - Wrist shot by Steve Quailer.
19:55 of 1st period - Shot Misses the Net.
19:57 of 1st period - Wrist shot by Kellan Lain.
19:57 of 1st period - Stopped by Jeremy Duchesne with a rebound.
19:59 of 1st period - Wrist shot by Steve Quailer.
19:59 of 1st period - Shot Hit the Post.
Goals for this period are 0 for Harfangs vs 1 for Diables.
Shots for this period are 15 for Harfangs vs 8 for Diables.
2nd period
0:01 of 2nd period - Brandon Pirri wins face-off versus Tyler Bozak in neutral zone.
0:05 of 2nd period - Off-side.
0:06 of 2nd period - Tyler Bozak wins face-off versus Brandon Pirri in neutral zone.
0:21 of 2nd period - Alexandre Picard is hit by Matt Jones and loses puck.
0:45 of 2nd period - Matt Jones is hit by Alexandre Picard and loses puck.
1:18 of 2nd period - Slapshot by Matt Jones.
1:18 of 2nd period - Stopped by Jeremy Duchesne with a rebound.
1:26 of 2nd period - Backhand shot by Chris Kreider.
1:26 of 2nd period - Deflect By Alex Killorn.
1:26 of 2nd period - Stopped by Frederik Andersen without a rebound.
1:27 of 2nd period - Brock Nelson wins face-off versus Tyler Bozak in Diables zone.
1:28 of 2nd period - Wrist shot by Stefan Ruzicka.
1:28 of 2nd period - Stopped by Frederik Andersen without a rebound.
1:29 of 2nd period - Brock Nelson wins face-off versus Tyler Bozak in Diables zone.
1:32 of 2nd period - Wrist shot by Dustin Jeffrey.
1:32 of 2nd period - Goal by Dustin Jeffrey - Harfangs : 1 - Diables : 1.
1:33 of 2nd period - Tyler Bozak wins face-off versus Brandon Pirri in neutral zone.
1:44 of 2nd period - Slapshot by Tyler Bozak.
1:44 of 2nd period - Goal by Tyler Bozak - Harfangs : 1 - Diables : 2.
1:45 of 2nd period - Tyler Bozak wins face-off versus Brock Nelson in neutral zone.
1:52 of 2nd period - Backhand shot by Brandon Prust.
1:52 of 2nd period - Deflect By Damien Brunner.
1:52 of 2nd period - Stopped by Jeremy Duchesne without a rebound.
1:53 of 2nd period - Tyler Bozak wins face-off versus Stefan Ruzicka in Harfangs zone.
2:08 of 2nd period - Wrist shot by Alexandre Picard.
2:08 of 2nd period - Shot Blocked by Tyler Bozak.
2:45 of 2nd period - Slapshot by Tomas Kubalik.
2:45 of 2nd period - Shot Misses the Net.
3:10 of 2nd period - Wrist shot by Peter Olvecky.
3:10 of 2nd period - Deflect By Brandon Pirri.
3:10 of 2nd period - Shot Blocked by Pavel Valentenko.
3:10 of 2nd period - Puck is out of play.
3:11 of 2nd period - Petri Kontiola wins face-off versus Tyler Bozak in Diables zone.
3:12 of 2nd period - Snap shot by Tomas Tatar.
3:12 of 2nd period - Stopped by Frederik Andersen without a rebound.
3:13 of 2nd period - Tyler Bozak wins face-off versus Petri Kontiola in Diables zone.
3:23 of 2nd period - Off-side.
3:24 of 2nd period - Brandon Pirri wins face-off versus Brandon Prust in neutral zone.
3:39 of 2nd period - Wrist shot by Peter Olvecky.
3:39 of 2nd period - Stopped by Frederik Andersen without a rebound.
3:40 of 2nd period - Craig Smith wins face-off versus Brock Nelson in Diables zone.
4:01 of 2nd period - Minor Penalty to Craig Smith for Close Hand On Puck.
4:02 of 2nd period - Riley Sheahan wins face-off versus Alex Killorn in Diables zone.
4:27 of 2nd period - Kellan Lain is hit by Andrew Orpik and loses puck.
6:01 of 2nd period - Penalty to Craig Smith is over, Craig Smith is back on ice.
6:01 of 2nd period - Kellan Lain is hit by Peter Olvecky.
6:13 of 2nd period - Brandon Prust is hit by Petri Kontiola and loses puck.
6:35 of 2nd period - Off-side.
6:36 of 2nd period - Petri Kontiola wins face-off versus Jamie Arniel in neutral zone.
6:38 of 2nd period - Off-side.
6:39 of 2nd period - Petri Kontiola wins face-off versus J.T. Brown in neutral zone.
6:42 of 2nd period - Dustin Kohn is hit by Mike Hoffman and loses puck.
6:55 of 2nd period - Mike Hoffman is hit by Jamie Arniel and loses puck.
7:20 of 2nd period - Tomas Tatar is hit by Taylor Beck and loses puck.
7:32 of 2nd period - Off-side.
7:33 of 2nd period - Tyler Bozak wins face-off versus Alex Killorn in neutral zone.
8:52 of 2nd period - Off-side.
8:53 of 2nd period - Craig Smith wins face-off versus Brandon Pirri in neutral zone.
9:02 of 2nd period - Wrist shot by Kellan Lain.
9:02 of 2nd period - Stopped by Jeremy Duchesne with a rebound.
9:08 of 2nd period - Wrist shot by Craig Smith.
9:08 of 2nd period - Stopped by Jeremy Duchesne with a rebound.
9:22 of 2nd period - Snap shot by Mats Zuccarello.
9:22 of 2nd period - Stopped by Frederik Andersen with a rebound.
9:35 of 2nd period - Icing by Matt Jones.
9:36 of 2nd period - Brock Nelson wins face-off versus Tyler Bozak in Diables zone.
10:27 of 2nd period - Wrist shot by Pierre-Cédric Labrie.
10:27 of 2nd period - Shot Blocked by Brandon Pirri.
10:29 of 2nd period - Slapshot by Brian Dumoulin.
10:29 of 2nd period - Deflect By Brandon Pirri.
10:29 of 2nd period - Stopped by Jeremy Duchesne with a rebound.
10:31 of 2nd period - Slapshot by Pavel Valentenko.
10:31 of 2nd period - Stopped by Jeremy Duchesne with a rebound.
10:53 of 2nd period - Pavel Valentenko is hit by Brian Lashoff and loses puck.
11:06 of 2nd period - Wrist shot by Damien Brunner.
11:06 of 2nd period - Shot Misses the Net.
11:08 of 2nd period - Wrist shot by Tyler Bozak.
11:08 of 2nd period - Shot Blocked by Dustin Jeffrey.
11:10 of 2nd period - Snap shot by Tyler Bozak.
11:10 of 2nd period - Stopped by Jeremy Duchesne with a rebound.
11:12 of 2nd period - Slapshot by Brian Dumoulin.
11:12 of 2nd period - Shot Misses the Net.
11:14 of 2nd period - Wrist shot by Pavel Valentenko.
11:14 of 2nd period - Shot Misses the Net.
11:30 of 2nd period - Snap shot by Steve Quailer.
11:30 of 2nd period - Shot Misses the Net.
11:32 of 2nd period - Snap shot by Dustin Kohn.
11:32 of 2nd period - Shot Blocked by Reid McNeill.
11:34 of 2nd period - Snap shot by Kellan Lain.
11:34 of 2nd period - Shot Blocked by Cam Fowler.
11:36 of 2nd period - Wrist shot by Steve Quailer.
11:36 of 2nd period - Deflect By Kellan Lain.
11:36 of 2nd period - Shot Misses the Net.
11:36 of 2nd period - Puck is out of play.
11:37 of 2nd period - Tyler Bozak wins face-off versus Peter Olvecky in Harfangs zone.
11:52 of 2nd period - Slapshot by Tyson Barrie.
11:52 of 2nd period - Shot Misses the Net.
12:24 of 2nd period - Snap shot by Tomas Kubalik.
12:24 of 2nd period - Stopped by Jeremy Duchesne with a rebound.
12:30 of 2nd period - Tyson Barrie is hit by Victor Bartley and loses puck.
13:53 of 2nd period - Snap shot by Tomas Kubalik.
13:53 of 2nd period - Stopped by Jeremy Duchesne with a rebound.
13:55 of 2nd period - Backhand shot by Matt Jones.
13:55 of 2nd period - Deflect By Riley Sheahan.
13:55 of 2nd period - Stopped by Jeremy Duchesne without a rebound.
13:56 of 2nd period - Brock Nelson wins face-off versus Tyler Bozak in Harfangs zone.
13:56 of 2nd period - Brock Nelson is hit by Damien Brunner.
14:06 of 2nd period - Snap shot by Alexandre Picard.
14:06 of 2nd period - Shot Misses the Net.
14:32 of 2nd period - Wrist shot by Tomas Tatar.
14:32 of 2nd period - Stopped by Frederik Andersen with a rebound.
14:44 of 2nd period - Snap shot by Tomas Kubalik.
14:44 of 2nd period - Shot Blocked by Alexandre Picard.
14:46 of 2nd period - Snap shot by Pierre-Cédric Labrie.
14:46 of 2nd period - Shot Blocked by Peter Olvecky.
14:48 of 2nd period - Wrist shot by Pavel Valentenko.
14:48 of 2nd period - Shot Misses the Net.
15:35 of 2nd period - Wrist shot by Pierre-Cédric Labrie.
15:35 of 2nd period - Shot Misses the Net.
15:37 of 2nd period - Slapshot by Brian Dumoulin.
15:37 of 2nd period - Stopped by Jeremy Duchesne without a rebound.
15:38 of 2nd period - Petri Kontiola wins face-off versus Tyler Bozak in Harfangs zone.
15:55 of 2nd period - Andrew Orpik is hit by Tyler Bozak and loses puck.
16:30 of 2nd period - Wrist shot by Jamie Arniel.
16:30 of 2nd period - Stopped by Jeremy Duchesne without a rebound.
16:31 of 2nd period - Tyler Bozak wins face-off versus Peter Olvecky in Harfangs zone.
16:49 of 2nd period - Icing by Peter Olvecky.
16:50 of 2nd period - Craig Smith wins face-off versus Brandon Pirri in Harfangs zone.
16:53 of 2nd period - Snap shot by Craig Smith.
16:53 of 2nd period - Stopped by Jeremy Duchesne with a rebound.
17:05 of 2nd period - Snap shot by Craig Smith.
17:05 of 2nd period - Stopped by Jeremy Duchesne without a rebound.
17:06 of 2nd period - Tyler Bozak wins face-off versus Tomas Tatar in Harfangs zone.
17:07 of 2nd period - Snap shot by Damien Brunner.
17:07 of 2nd period - Shot Blocked by Petri Kontiola.
17:09 of 2nd period - Snap shot by Lukas Krajicek.
17:09 of 2nd period - Deflect By Damien Brunner.
17:09 of 2nd period - Shot Misses the Net.
17:09 of 2nd period - Puck is out of play.
17:10 of 2nd period - Tyler Bozak wins face-off versus Petri Kontiola in Harfangs zone.
17:11 of 2nd period - Snap shot by Brandon Prust.
17:11 of 2nd period - Stopped by Jeremy Duchesne with a rebound.
17:13 of 2nd period - Wrist shot by Damien Brunner.
17:13 of 2nd period - Shot Blocked by Alexandre Picard.
18:50 of 2nd period - Petri Kontiola is hit by Tyler Bozak and loses puck.
19:05 of 2nd period - Snap shot by Alex Killorn.
19:05 of 2nd period - Stopped by Frederik Andersen with a rebound.
19:07 of 2nd period - Wrist shot by Mats Zuccarello.
19:07 of 2nd period - Shot Blocked by Pavel Valentenko.
19:09 of 2nd period - Slapshot by Cam Fowler.
19:09 of 2nd period - Stopped by Frederik Andersen with a rebound.
19:11 of 2nd period - Snap shot by Alex Killorn.
19:11 of 2nd period - Shot Misses the Net.
19:50 of 2nd period - Snap shot by Brandon Prust.
19:50 of 2nd period - Stopped by Jeremy Duchesne without a rebound.
19:51 of 2nd period - Tyler Bozak wins face-off versus Alex Killorn in Harfangs zone.
Goals for this period are 1 for Harfangs vs 1 for Diables.
Shots for this period are 9 for Harfangs vs 17 for Diables.
3rd period
0:01 of 3rd period - Tyler Bozak wins face-off versus Brandon Pirri in neutral zone.
0:09 of 3rd period - Snap shot by Michal Repik.
0:09 of 3rd period - Stopped by Frederik Andersen with a rebound.
0:11 of 3rd period - Wrist shot by Brandon Pirri.
0:11 of 3rd period - Stopped by Frederik Andersen without a rebound.
0:12 of 3rd period - Tyler Bozak wins face-off versus Petri Kontiola in Diables zone.
0:21 of 3rd period - Wrist shot by Tyler Bozak.
0:21 of 3rd period - Stopped by Jeremy Duchesne with a rebound.
0:45 of 3rd period - Off-side.
0:46 of 3rd period - Tyler Bozak wins face-off versus Brandon Pirri in neutral zone.
0:53 of 3rd period - Snap shot by Tyler Bozak.
0:53 of 3rd period - Stopped by Jeremy Duchesne without a rebound.
0:54 of 3rd period - Tyler Bozak wins face-off versus Brandon Pirri in Harfangs zone.
1:01 of 3rd period - Wrist shot by Damien Brunner.
1:01 of 3rd period - Shot Blocked by Peter Olvecky.
1:05 of 3rd period - Wrist shot by Tyler Bozak.
1:05 of 3rd period - Stopped by Jeremy Duchesne without a rebound.
1:06 of 3rd period - Brock Nelson wins face-off versus Tyler Bozak in Harfangs zone.
1:06 of 3rd period - Brock Nelson is hit by Tyler Bozak.
1:09 of 3rd period - Minor Penalty to Alexandre Picard for Hooking.
1:10 of 3rd period - Damien Brunner wins face-off versus Alex Killorn in Harfangs zone.
1:45 of 3rd period - Slapshot by Peter Olvecky.
1:45 of 3rd period - Shot Blocked by Tyson Barrie.
2:17 of 3rd period - Minor Penalty to Victor Bartley for Holding.
2:18 of 3rd period - Kellan Lain wins face-off versus Alex Killorn in Harfangs zone.
2:23 of 3rd period - Wrist shot by Tyler Bozak.
2:23 of 3rd period - Shot Blocked by Cam Fowler.
2:25 of 3rd period - Slapshot by Lukas Krajicek.
2:25 of 3rd period - Deflect By Andrew Orpik.
2:25 of 3rd period - Stopped by Jeremy Duchesne with a rebound.
2:27 of 3rd period - Snap shot by Tyson Barrie.
2:27 of 3rd period - Stopped by Jeremy Duchesne without a rebound.
2:28 of 3rd period - Tyler Bozak wins face-off versus Alex Killorn in Harfangs zone.
2:29 of 3rd period - Snap shot by Damien Brunner.
2:29 of 3rd period - Stopped by Jeremy Duchesne with a rebound.
2:31 of 3rd period - Wrist shot by Kellan Lain.
2:31 of 3rd period - Goal by Kellan Lain - Harfangs : 1 - Diables : 3.
2:32 of 3rd period - Tyler Bozak wins face-off versus Alex Killorn in neutral zone.
4:17 of 3rd period - Penalty to Victor Bartley is over, Victor Bartley is back on ice.
4:24 of 3rd period - Tyson Barrie is hit by Dustin Jeffrey and loses puck.
4:47 of 3rd period - Tomas Kubalik is hit by Chris Kreider and loses puck.
4:52 of 3rd period - Snap shot by Chris Kreider.
4:52 of 3rd period - Shot Misses the Net.
4:58 of 3rd period - Tomas Kubalik is hit by Alexandre Picard and loses puck.
5:11 of 3rd period - Pierre-Cédric Labrie is hit by Stefan Ruzicka and loses puck.
5:21 of 3rd period - Off-side.
5:22 of 3rd period - Brandon Pirri wins face-off versus Tyler Bozak in neutral zone.
5:44 of 3rd period - Minor Penalty to Craig Smith for Hooking.
5:45 of 3rd period - Alex Killorn wins face-off versus Riley Sheahan in Diables zone.
5:47 of 3rd period - Wrist shot by Mats Zuccarello.
5:47 of 3rd period - Shot Blocked by Matt Jones.
5:51 of 3rd period - Wrist shot by Chris Kreider.
5:51 of 3rd period - Shot Misses the Net.
5:53 of 3rd period - Wrist shot by Alex Killorn.
5:53 of 3rd period - Shot Misses the Net.
5:55 of 3rd period - Slapshot by Andrew Orpik.
5:55 of 3rd period - Stopped by Frederik Andersen without a rebound.
5:56 of 3rd period - Riley Sheahan wins face-off versus Alex Killorn in Diables zone.
7:03 of 3rd period - Wrist shot by Tyler Bozak.
7:03 of 3rd period - Shot Misses the Net.
7:05 of 3rd period - Wrist shot by Jamie Arniel.
7:05 of 3rd period - Stopped by Jeremy Duchesne without a rebound.
7:06 of 3rd period - Alex Killorn wins face-off versus Jamie Arniel in Harfangs zone.
7:19 of 3rd period - Snap shot by Brock Nelson.
7:19 of 3rd period - Shot Misses the Net.
7:21 of 3rd period - Snap shot by Brian Lashoff.
7:21 of 3rd period - Shot Blocked by Lukas Krajicek.
7:44 of 3rd period - Penalty to Craig Smith is over, Craig Smith is back on ice.
8:38 of 3rd period - Cam Fowler is hit by Pierre-Cédric Labrie and loses puck.
8:52 of 3rd period - Dustin Kohn is hit by Andrew Orpik and loses puck.
8:57 of 3rd period - Wrist shot by Jamie Arniel.
8:57 of 3rd period - Stopped by Jeremy Duchesne with a rebound.
8:59 of 3rd period - Slapshot by Brian Dumoulin.
8:59 of 3rd period - Deflect By Jamie Arniel.
8:59 of 3rd period - Goal by Jamie Arniel - Harfangs : 1 - Diables : 4.
9:00 of 3rd period - Alex Killorn wins face-off versus Brandon Prust in neutral zone.
9:24 of 3rd period - Minor Penalty to Tyson Barrie for Hooking.
9:25 of 3rd period - Brock Nelson wins face-off versus Riley Sheahan in Diables zone.
9:33 of 3rd period - Slapshot by Brock Nelson.
9:33 of 3rd period - Deflect By Peter Olvecky.
9:33 of 3rd period - Stopped by Frederik Andersen with a rebound.
9:35 of 3rd period - Wrist shot by Brock Nelson.
9:35 of 3rd period - Harfangs goal is going for a video replay.
9:35 of 3rd period - The goal is good.
9:35 of 3rd period - Goal by Brock Nelson - Harfangs : 2 - Diables : 4.
9:36 of 3rd period - Alex Killorn wins face-off versus Tyler Bozak in neutral zone.
10:16 of 3rd period - Snap shot by Brandon Prust.
10:16 of 3rd period - Shot Blocked by Alexandre Picard.
10:26 of 3rd period - Snap shot by Brandon Prust.
10:26 of 3rd period - Stopped by Jeremy Duchesne without a rebound.
10:27 of 3rd period - Craig Smith wins face-off versus Brandon Pirri in Harfangs zone.
11:23 of 3rd period - Brian Dumoulin is hit by Andrew Orpik.
12:05 of 3rd period - Wrist shot by Peter Olvecky.
12:05 of 3rd period - Stopped by Frederik Andersen with a rebound.
12:25 of 3rd period - Tomas Tatar is hit by Brian Dumoulin and loses puck.
12:36 of 3rd period - Pierre-Cédric Labrie is hit by Chris Kreider and loses puck.
12:43 of 3rd period - Snap shot by Chris Kreider.
12:43 of 3rd period - Shot Misses the Net.
12:49 of 3rd period - Snap shot by Chris Kreider.
12:49 of 3rd period - Shot Misses the Net.
13:03 of 3rd period - Brandon Prust is hit by Victor Bartley and loses puck.
13:31 of 3rd period - Minor Penalty to Dustin Kohn for Hooking.
13:32 of 3rd period - Riley Sheahan wins face-off versus Alex Killorn in Diables zone.
13:37 of 3rd period - Mats Zuccarello is hit by Riley Sheahan and loses puck.
13:44 of 3rd period - Slapshot by Brian Lashoff.
13:44 of 3rd period - Stopped by Frederik Andersen with a rebound.
13:46 of 3rd period - Slapshot by Andrew Orpik.
13:46 of 3rd period - Stopped by Frederik Andersen with a rebound.
13:48 of 3rd period - Wrist shot by Chris Kreider.
13:48 of 3rd period - Shot Blocked by Riley Sheahan.
14:04 of 3rd period - Snap shot by Jamie Arniel.
14:04 of 3rd period - Stopped by Jeremy Duchesne with a rebound.
14:58 of 3rd period - Brian Lashoff is hit by Pierre-Cédric Labrie and loses puck.
15:05 of 3rd period - Brock Nelson is hit by Brian Dumoulin and loses puck.
15:31 of 3rd period - Penalty to Dustin Kohn is over, Dustin Kohn is back on ice.
15:47 of 3rd period - Andrew Orpik is hit by Tyler Bozak and loses puck.
17:10 of 3rd period - Minor Penalty to Taylor Beck for Hooking.
17:11 of 3rd period - Riley Sheahan wins face-off versus Alex Killorn in Diables zone.
17:11 of 3rd period - Riley Sheahan is hit by Chris Kreider.
17:43 of 3rd period - Off-side.
17:44 of 3rd period - Jamie Arniel wins face-off versus Brock Nelson in neutral zone.
17:49 of 3rd period - Slapshot by Lukas Krajicek.
17:49 of 3rd period - Shot Blocked by Peter Olvecky.
18:05 of 3rd period - Riley Sheahan is hit by Brock Nelson and loses puck.
18:18 of 3rd period - Slapshot by Brock Nelson.
18:18 of 3rd period - Shot Misses the Net.
18:20 of 3rd period - Snap shot by Brock Nelson.
18:20 of 3rd period - Goal by Brock Nelson - Harfangs : 3 - Diables : 4.
18:21 of 3rd period - Riley Sheahan wins face-off versus Mike Hoffman in neutral zone.
18:39 of 3rd period - Alexandre Picard is hit by Matt Jones and loses puck.
19:04 of 3rd period - Harfangs, Jeremy Duchesne is pulled from the net.
19:04 of 3rd period - Slapshot by Andrew Orpik.
19:04 of 3rd period - Deflect By Chris Kreider.
19:04 of 3rd period - Shot Misses the Net.
19:04 of 3rd period - Puck is out of play.
19:05 of 3rd period - Rick Tocchet call a timeout for Harfangs.
19:05 of 3rd period - Jamie Arniel wins face-off versus Petri Kontiola in Diables zone.
19:32 of 3rd period - Wrist shot by Chris Kreider.
19:32 of 3rd period - Stopped by Frederik Andersen without a rebound.
19:33 of 3rd period - Petri Kontiola wins face-off versus Jamie Arniel in Diables zone.
19:55 of 3rd period - Wrist shot by Damien Brunner.
19:55 of 3rd period - Goal by Damien Brunner - Harfangs : 3 - Diables : 5.
19:55 of 3rd period - Jeremy Duchesne from Harfangs was sent back in the game.
19:56 of 3rd period - Riley Sheahan wins face-off versus Brandon Pirri in neutral zone.
Goals for this period are 2 for Harfangs vs 3 for Diables.
Shots for this period are 10 for Harfangs vs 13 for Diables.
Back to the Top